 Dungeon Crawl Stone Soup version 0.30-a0-576-g89cddaab80 (webtiles) character file.

Game seed: 8793101422993506113

81 Crownlay the Digger (level 4, 0/24 HPs)
             Began as a Gargoyle Earth Elementalist on Dec 30, 2022.
             Slain by a gnoll
             ... wielding a +0 spear
              (2 damage)
             ... on level 3 of the Dungeon.
             The game lasted 00:04:24 (1800 turns).

Crownlay the Digger (Gargoyle Earth Elementalist)   Turns: 1800, Time: 00:04:25

Health: 0/24       AC:  6    Str: 12    XL:     4   Next: 42%
Magic:  0/9        EV: 11    Int: 17    God:
Gold:   125        SH:  0    Dex: 10    Spells: 2/9 levels left

rFire   . . .      SeeInvis .    d - +0 dagger
rCold   . . .      Faith    .    (no shield)
rNeg    + . .      Spirit   .    a - +0 robe
rPois   ∞          Reflect  .    (no helmet)
rElec   +          Harm     .    (no cloak)
rCorr   .          Rampage  .    (no gloves)
Will    .....                    g - +0 pair of boots
Stlth   ++                       (no amulet)
HPRegen 0.24/turn                (no ring)
MPRegen 0.11/turn                (no ring)

@: no status effects
A: sickness immunity, AC +3, negative energy resistance 1, electricity
resistance, torment resistance 1, petrification resistance
a: no special abilities


You were on level 3 of the Dungeon.
You visited 1 branch of the dungeon, and saw 3 of its levels.

You collected 125 gold pieces.

Inventory:

Hand Weapons
 d - a +0 dagger (weapon)
Armour
 a - a +0 robe (worn)
 g - a +0 pair of boots (worn)
 n - a +0 buckler
Jewellery
 e - a ring of see invisible
Scrolls
 c - a scroll of vulnerability {unknown}
 h - a scroll of enchant armour {unknown}
 j - a scroll of amnesia {unknown}
 m - 2 scrolls of noise
Potions
 b - a potion of magic
 f - a potion of resistance {unknown}
 i - a potion of curing {unknown}
 k - a potion of brilliance {unknown}
 l - a potion of might {unknown}


   Skills:
 - Level 1.5 Dodging
 - Level 2.1 Stealth
 * Level 3.3 Spellcasting
 * Level 1.3 Hexes
 - Level 0.7 Transmutations
 + Level 4.4 Earth Magic


You had 2 spell levels left.
You knew the following spells:

 Your Spells              Type           Power      Damage    Failure   Level
a - Sandblast             Erth           34%        2d9       2%          1
b - Stone Arrow           Conj/Erth      20%        3d8       21%         3
c - Tukima's Dance        Hex            7%         N/A       28%         3

Your spell library contained the following spells:

 Spells                   Type           Power      Damage    Failure   Level
 Passwall                 Tmut/Erth      9%         N/A       9%          2
 Petrify                  Tmut/Erth      11%        N/A       52%         4
 Passage of Golubria      Tloc           2%         N/A       86%         4
 Yara's Violent Unravell  Hex/Tmut       3%         3d4       97%         5


Dungeon Overview and Level Annotations

Branches:
Dungeon (3/15)

Altars:


Innate Abilities, Weirdness & Mutations

You are immune to sickness and miasma.
Your stone body is resilient. (AC +3)
You are immune to poison.
You resist negative energy. (rN+)
You are resistant to electric shocks. (rElec)
You are resistant to unholy torment.
You are immune to petrification.


Message History

The gnoll is severely wounded.
The gnoll hits you with a +0 club.
The blast of sand hits the gnoll!
You kill the gnoll!
The gnoll hits you from afar with a +0 spear.
The gnoll barely misses you.
The blast of sand hits the gnoll.
The gnoll is moderately wounded.
The gnoll misses you.
You are out of magic!
The gnoll hits you with a +0 spear.
Items here: )) [ †.
n - a +0 buckler You hear the slow rusting of a distant drain.
The gnoll barely misses you.
You closely miss the gnoll.
The gnoll is moderately wounded.
The gnoll hits you but does no damage.
You hit the gnoll.
The gnoll is moderately wounded.
The gnoll hits you with a +0 spear.
You hit the gnoll.
The gnoll is severely wounded.
The gnoll misses you.
You barely miss the gnoll.
The gnoll is severely wounded.
The gnoll barely misses you.
You hit the gnoll but do no damage.
The gnoll is severely wounded.
The gnoll hits you with a +0 spear.
* * * LOW HITPOINT WARNING * * *
Casting: Sandblast (safe; 2% risk of failure)
Confirm with . or Enter, or press ? or * to list all spells.
Aiming: Sandblast (safe; 2% risk of failure)
Press: ? - help, Shift-Dir - straight line, f/p - gnoll
Aim: a gnoll, wielding a +0 spear (severely wounded, 84% to hit)
The blast of sand misses the gnoll.
The gnoll hits you with a +0 spear.
* * * LOW HITPOINT WARNING * * *
The gnoll hits you with a +0 spear.
You die...

#### #...
##....
......
....# ..b
#g######
#.@....####
###........
#.##.###.#
#.....##.#
#####....#
#.#### #.#
#)# #.#


You could see a gnoll and a bat.

Vanquished Creatures
  3 gnolls (D:3)
  A worm (D:2)
  A dart slug (D:2)
  3 bats
  An endoplasm (D:1)
  3 giant cockroaches (D:1)
  5 goblins (D:1)
  6 hobgoblins
  4 quokkas
  5 ball pythons
  3 frilled lizards
  6 kobolds
  5 rats
46 creatures vanquished.

Notes
Turn   | Place    | Note
-------+----------+-------------------------------------------
     0 | D:1      | Crownlay the Gargoyle Earth Elementalist began the quest
                  | for the Orb.
     0 | D:1      | Reached XP level 1. HP: 10/10 MP: 3/3
   183 | D:1      | Reached XP level 2. HP: 13/15 MP: 0/5
   410 | D:1      | Reached skill level 4 in Earth Magic
   529 | D:1      | Reached XP level 3. HP: 19/19 MP: 2/7
  1167 | D:1      | Learned a level 3 spell: Stone Arrow
  1171 | D:1      | Learned a level 3 spell: Tukima's Dance
  1523 | D:2      | Found a faded altar of an unknown god.
  1788 | D:3      | Reached skill level 1 in Hexes
  1788 | D:3      | Reached XP level 4. HP: 24/24 MP: 4/8
  1800 | D:3      | Slain by a gnoll

Illustrated notes

Levels and vault maps discovered:
D:1:      dpeg_arrival_water_fire, layout_basic
D:2:      layout_basic, shapermc_ecumenical_altar_totnotflames,
          minmay_hedge_maze
D:3:      layout_basic, evilmike_ruin_ashenzari, gup_sewer_entry_bubbles

Skill      XL: |  1  2  3 |
---------------+----------+-----
Earth Magic    | 4 |  4.4
Spellcasting   | 3 |  3.3
Hexes          | 1 |  1.3
Dodging        | |  1.5
Stealth        | |  2.1
Transmutations | |  0.7

Action                   |  1- 3 |  4- 6 || total
-------------------------+-------+-------++-------
Melee: Dagger            |    20 |     5 ||    25
 Cast: Sandblast         |    54 |     6 ||    60
  Use: Scroll            |     1 |       ||     1
Armor: Robe              |    12 |     1 ||    13
Dodge: Dodged            |    18 |     5 ||    23

Table legend: (Time is in decaauts)
 A = Elapsed time spent in this place.
 B = Non-inter-level travel time spent in this place.
 C = Inter-level travel time spent in this place.
 D = Time resting spent in this place.
 E = Time spent auto-exploring this place.
 F = Levels seen in this place.
 G = Mean time per level.
                   A        B        C        D        E       F      G
               +--------+--------+--------+--------+--------+-----+--------+
         Total |   1828 |   1809 |     19 |      0 |   1518 |   3 |  609.3 |
       Dungeon |   1828 |   1809 |     19 |      0 |   1518 |   3 |  609.3 |
               +--------+--------+--------+--------+--------+-----+--------+

Top non-repeatable levels by time:
     D:1: 1202 daAuts
     D:2: 570 daAuts
     D:3: 55 daAuts
